PAAA
SALT LAKE CITY BUZZ @ MILTON DOGFISH HEAD
07/16/2029
 
TOP OF THE 1ST
Salt Lake City Buzz batting - Pitching for Milton Dogfish Head : RHP Romano Martínez
Pitching: RHP Romano Martínez
Batting: LHB Mike Gillespie 0-0: Ball
1-0: Called Strike
1-1: Foul Ball, location: 2F
1-2: Strikes out swinging
Batting: RHB Jung-hwan Kwon 0-0: Called Strike
0-1: SINGLE (Line Drive, 34D)
Batting: LHB Jérôme Masson 0-0: Ball
Jung-hwan Kwon steals 2nd base
1-0: Ball
2-0: Ball
3-0: Base on Balls
Batting: LHB Tim Waters 0-0: Foul Ball, location: 2F
0-1: Ball
1-1: Ball
2-1: Ball
3-1: Called Strike
3-2: 3-RUN HOME RUN (Line Drive, 9D), Distance : 362 ft
Batting: SHB Félix Medina 0-0: Called Strike
0-1: Ball
1-1: Ball
2-1: SINGLE (Groundball, 6MD)
Batting: RHB Justin MacPherson 0-0: Ball
1-0: Foul Ball, location: 2F
1-1: Ball
2-1: Foul Ball, location: 2F
2-2: Ball
3-2: Foul Ball, location: 2F
3-2: Grounds into double play, 6-4-3 (Groundball, 6)
Top of the 1st over - 3 runs, 3 hits, 0 errors, 0 left on base; Salt Lake City 3 - Milton 0
BOTTOM OF THE 1ST
Milton Dogfish Head batting - Pitching for Salt Lake City Buzz : RHP Ben Hopley
Pitching: RHP Ben Hopley
Batting: RHB Miguel Montoya 0-0: Ball
1-0: Foul Ball, location: 2F
1-1: Ball
2-1: Fly out, F7 (Flyball, 78S)
Batting: LHB Jon Baxter 0-0: Ball
1-0: Ball
2-0: Called Strike
2-1: Ball
3-1: Base on Balls
Batting: LHB Víctor Robledo 0-0: Ball
1-0: Grounds into double play, 1-4-3 (Groundball, 15S)
Bottom of the 1st over - 0 runs, 0 hits, 0 errors, 0 left on base; Salt Lake City 3 - Milton 0
TOP OF THE 2ND
Salt Lake City Buzz batting - Pitching for Milton Dogfish Head : RHP Romano Martínez
Batting: RHB Vicente Cruz 0-0: Ball
1-0: SINGLE (Groundball, 3S) (infield hit)
Batting: RHB Alejandro Herrera 0-0: Ball
1-0: Foul Ball, location: 2F
1-1: Fielders Choice at 2nd, 4-6 (Groundball, 34)
Batting: RHB Quigley Gibson 0-0: Ball
Alejandro Herrera steals 2nd base
1-0: Called Strike
1-1: Swinging Strike
1-2: Strikes out looking
Batting: LHB Mike Gillespie 0-0: Ball
Alejandro Herrera steals 3rd base
1-0: Ball
2-0: Swinging Strike
2-1: Ball
3-1: Foul Ball, location: 2F
3-2: Base on Balls
Batting: RHB Jung-hwan Kwon 0-0: Ball
1-0: SINGLE (Line Drive, 7LM)
Alejandro Herrera scores
Mike Gillespie to second
Batting: LHB Jérôme Masson 0-0: Ball
1-0: SINGLE (Line Drive, 9S)
Mike Gillespie to third
Jung-hwan Kwon to second
Runner from 3rd tries for Home, SAFE, no throw
Batting: LHB Tim Waters 0-0: Ball
1-0: Foul Ball, location: 2F
1-1: Foul Ball, location: 2F
1-2: Ball
2-2: Ball
3-2: Foul Ball, location: 2F
3-2: Strikes out swinging
Top of the 2nd over - 2 runs, 3 hits, 0 errors, 2 left on base; Salt Lake City 5 - Milton 0
BOTTOM OF THE 2ND
Milton Dogfish Head batting - Pitching for Salt Lake City Buzz : RHP Ben Hopley
Batting: RHB Paco Muñóz 0-0: Foul Ball, location: 2F
0-1: Ball
1-1: Ball
2-1: Ball
3-1: Base on Balls
Batting: LHB Floyd Long 0-0: Ball
1-0: Ball
2-0: Foul Ball, location: 2F
2-1: Ball
3-1: Called Strike
3-2: Base on Balls
Paco Muñóz to second
Batting: RHB Luis Alomar 0-0: Ball
1-0: Swinging Strike
1-1: Ball
2-1: Ball
3-1: Foul Ball, location: 2F
3-2: Base on Balls
Paco Muñóz to third
Floyd Long to second
Batting: LHB Edward Woodstock 0-0: Ball
1-0: Ball
2-0: Ball
3-0: Base on Balls
Paco Muñóz scores
Floyd Long to third
Luis Alomar to second
Batting: SHB Alejandro Castillo 0-0: Ball
1-0: Called Strike
1-1: Ball
2-1: Foul Ball, location: 2F
2-2: SINGLE (Line Drive, 4)
Floyd Long scores
Luis Alomar to third
Edward Woodstock to second
Runner from 3rd tries for Home, SAFE, no throw
Batting: RHB Héctor Gallegos 0-0: Ball
1-0: Ball
2-0: Called Strike
2-1: Called Strike
2-2: SINGLE (Line Drive, 8LS)
Edward Woodstock to third
Alejandro Castillo to second
Runner from 3rd tries for Home, SAFE, no throw
Batting: RHB Miguel Montoya 0-0: Ball
1-0: Foul Ball, location: 2F
1-1: Ball
2-1: Called Strike
2-2: Foul Ball, location: 2F
2-2: Strikes out swinging
Batting: LHB Jon Baxter 0-0: Fly out, F7 (Flyball, 7LS)
Batting: LHB Víctor Robledo 0-0: Swinging Strike
0-1: Ball
1-1: Ball
2-1: SINGLE (Line Drive, 34)
Alejandro Castillo to third
Héctor Gallegos to second
Batting: RHB Paco Muñóz 0-0: Ball
1-0: Called Strike
1-1: Called Strike
1-2: Foul Ball, location: 2F
1-2: Foul Ball, location: 2F
1-2: Foul Ball, location: 2F
1-2: Ball
2-2: Foul Ball, location: 2F
2-2: Ball
3-2: Foul Ball, location: 2F
3-2: Strikes out swinging
Bottom of the 2nd over - 4 runs, 3 hits, 0 errors, 3 left on base; Salt Lake City 5 - Milton 4
TOP OF THE 3RD
Salt Lake City Buzz batting - Pitching for Milton Dogfish Head : RHP Romano Martínez
Batting: SHB Félix Medina 0-0: Ball
1-0: Fly out, F7 (Flyball, 78M)
Batting: RHB Justin MacPherson 0-0: Ground out 6-3 (Groundball, 6)
Batting: RHB Vicente Cruz 0-0: Ball
1-0: Ball
2-0: Ball
3-0: Base on Balls
Batting: RHB Alejandro Herrera 0-0: Ball
Vicente Cruz steals 2nd base
1-0: Foul Ball, location: 2F
1-1: Ball
2-1: Swinging Strike
2-2: Strikes out swinging
Top of the 3rd over - 0 runs, 0 hits, 0 errors, 1 left on base; Salt Lake City 5 - Milton 4
BOTTOM OF THE 3RD
Milton Dogfish Head batting - Pitching for Salt Lake City Buzz : RHP Ben Hopley
Batting: LHB Floyd Long 0-0: Called Strike
0-1: Ball
1-1: SINGLE (Flyball, 7LS)
Batting: RHB Luis Alomar 0-0: Ball
1-0: Called Strike
1-1: Ball
2-1: Foul Ball, location: 2F
2-2: Fielders Choice at 2nd, 1-4 (Groundball, 15S)
Batting: LHB Edward Woodstock 0-0: Ball
1-0: Called Strike
1-1: Ball
2-1: Fly out, F8 (Flyball, 8RS)
Batting: SHB Alejandro Castillo 0-0: Called Strike
Luis Alomar is caught stealing 2nd base
Bottom of the 3rd over - 0 runs, 1 hit, 0 errors, 0 left on base; Salt Lake City 5 - Milton 4
TOP OF THE 4TH
Salt Lake City Buzz batting - Pitching for Milton Dogfish Head : RHP Romano Martínez
Batting: RHB Quigley Gibson 0-0: Foul Ball, location: 2F
0-1: Ball
1-1: Ball
2-1: Fly out, F2 (Popup, 2RF)
Batting: LHB Mike Gillespie 0-0: Ball
1-0: Called Strike
1-1: Ball
2-1: Foul Ball, location: 2F
2-2: Foul Ball, location: 2F
2-2: Ball
3-2: Ground out 3-1 (Groundball, 34)
Batting: RHB Jung-hwan Kwon 0-0: Called Strike
0-1: Ball
1-1: Ball
2-1: Fly out, F6 (Line Drive, 6)
Top of the 4th over - 0 runs, 0 hits, 0 errors, 0 left on base; Salt Lake City 5 - Milton 4
BOTTOM OF THE 4TH
Milton Dogfish Head batting - Pitching for Salt Lake City Buzz : RHP Ben Hopley
Batting: SHB Alejandro Castillo 0-0: Ball
1-0: Ball
2-0: Called Strike
2-1: Ball
3-1: Called Strike
3-2: Fly out, F3 (Line Drive, 3L)
Batting: RHB Héctor Gallegos 0-0: SINGLE (Line Drive, 8RS)
Batting: RHB Miguel Montoya 0-0: Ball
1-0: Swinging Strike
1-1: Foul Ball, location: 2F
1-2: SINGLE (Line Drive, 5D)
Héctor Gallegos to second
Batting: LHB Jon Baxter 0-0: Ball
1-0: SINGLE (Line Drive, 9)
Héctor Gallegos to third
Miguel Montoya to second
Runner from 3rd tries for Home, throw and OUT!
Miguel Montoya to third
Jon Baxter to second
Batting: LHB Víctor Robledo 0-0: Ball
1-0: Ball
2-0: Called Strike
2-1: SINGLE (Flyball, 78S)
Miguel Montoya scores
Jon Baxter to third
Batting: RHB Paco Muñóz 0-0: Ball
1-0: Foul Ball, location: 2F
1-1: Foul Ball, location: 2F
1-2: Foul Ball, location: 2F
1-2: Foul Ball, location: 2F
1-2: Strikes out looking
Bottom of the 4th over - 1 run, 4 hits, 0 errors, 2 left on base; Salt Lake City 5 - Milton 5
TOP OF THE 5TH
Salt Lake City Buzz batting - Pitching for Milton Dogfish Head : RHP Romano Martínez
Batting: LHB Jérôme Masson 0-0: Ball
1-0: Foul Ball, location: 2F
1-1: Ball
2-1: Foul Ball, location: 2F
2-2: SINGLE (Line Drive, 9S)
Batting: LHB Tim Waters 0-0: Called Strike
0-1: Ball
1-1: Swinging Strike
1-2: Ball
2-2: Strikes out looking
Batting: SHB Félix Medina 0-0: Called Strike
0-1: Called Strike
0-2: Ground out 5-3 (Groundball, 5S)
Jérôme Masson to second
Batting: RHB Justin MacPherson 0-0: Swinging Strike
0-1: Swinging Strike
0-2: Ball
1-2: Strikes out swinging
Top of the 5th over - 0 runs, 1 hit, 0 errors, 1 left on base; Salt Lake City 5 - Milton 5
BOTTOM OF THE 5TH
Milton Dogfish Head batting - Pitching for Salt Lake City Buzz : RHP Ben Hopley
Batting: LHB Floyd Long 0-0: Ball
1-0: Ball
2-0: Ball
3-0: Base on Balls
Batting: RHB Luis Alomar 0-0: Called Strike
0-1: Foul Ball, location: 2F
0-2: Ball
1-2: Foul Ball, location: 2F
1-2: Strikes out swinging
Pitching: RHP Powell Horne
Batting: LHB Edward Woodstock 0-0: Ball
1-0: Grounds into double play, 4-6-3 (Groundball, 4)
Bottom of the 5th over - 0 runs, 0 hits, 0 errors, 0 left on base; Salt Lake City 5 - Milton 5
TOP OF THE 6TH
Salt Lake City Buzz batting - Pitching for Milton Dogfish Head : RHP Romano Martínez
Batting: RHB Vicente Cruz 0-0: Ball
1-0: Foul Ball, location: 2F
1-1: Fly out, F7 (Flyball, 78M)
Pitching: RHP Edward Whipp
Batting: RHB Alejandro Herrera 0-0: Ball
1-0: Called Strike
1-1: Reached on error, E5 (Groundball, 56S)
Batting: RHB Quigley Gibson 0-0: Ball
Alejandro Herrera steals 2nd base
1-0: Called Strike
1-1: Ball
2-1: SINGLE (Line Drive, 6M)
Alejandro Herrera to third
Runner from 3rd tries for Home, SAFE, no throw
Batting: LHB Mike Gillespie 0-0: Called Strike
0-1: Ball
1-1: Foul Ball, location: 2F
1-2: SINGLE (Groundball, 4MD)
Quigley Gibson to second
Batting: RHB Jung-hwan Kwon 0-0: Swinging Strike
0-1: Ball
1-1: Foul Ball, location: 2F
1-2: Grounds into double play, 5-4-3 (Groundball, 56)
Top of the 6th over - 1 run, 2 hits, 1 error, 1 left on base; Salt Lake City 6 - Milton 5
BOTTOM OF THE 6TH
Milton Dogfish Head batting - Pitching for Salt Lake City Buzz : RHP Powell Horne
Batting: SHB Alejandro Castillo 0-0: Swinging Strike
0-1: Ball
1-1: Ground out 4-3 (Groundball, 4)
Batting: RHB Héctor Gallegos 0-0: Ground out 5-3 (Groundball, 5)
Batting: RHB Miguel Montoya 0-0: Called Strike
0-1: Ball
1-1: Foul Ball, location: 2F
1-2: SINGLE (Groundball, 5D)
Batting: LHB Jon Baxter 0-0: Ball
1-0: Fly out, F8 (Line Drive, 8LD)
Bottom of the 6th over - 0 runs, 1 hit, 0 errors, 1 left on base; Salt Lake City 6 - Milton 5
TOP OF THE 7TH
Salt Lake City Buzz batting - Pitching for Milton Dogfish Head : RHP Edward Whipp
Batting: LHB Jérôme Masson 0-0: Ball
1-0: Called Strike
1-1: Ball
2-1: Ball
3-1: Base on Balls
Batting: LHB Tim Waters 0-0: Called Strike
0-1: Ball
1-1: Foul Ball, location: 2F
1-2: Ball
Jérôme Masson steals 2nd base
2-2: SINGLE (Line Drive, 56)
Jérôme Masson to third
Runner from 3rd tries for Home, SAFE, no throw
Batting: SHB Félix Medina 0-0: Ball
Tim Waters steals 2nd base
1-0: Called Strike
1-1: Ball
2-1: SINGLE (Line Drive, 9LS)
Tim Waters to third
Runner from 3rd tries for Home, SAFE, throw made home
Pitching: RHP Michael Brown
Batting: RHB Justin MacPherson 0-0: Ball
Félix Medina is caught stealing 2nd base
1-0: Ball
2-0: Ground out 3-1 (Groundball, 34)
Batting: RHB Vicente Cruz 0-0: Called Strike
0-1: Swinging Strike
0-2: Foul Ball, location: 2F
0-2: Foul Ball, location: 2F
0-2: Strikes out swinging
Top of the 7th over - 2 runs, 2 hits, 0 errors, 0 left on base; Salt Lake City 8 - Milton 5
BOTTOM OF THE 7TH
Milton Dogfish Head batting - Pitching for Salt Lake City Buzz : RHP Powell Horne
Batting: LHB Víctor Robledo 0-0: Called Strike
0-1: Ground out 4-3 (Groundball, 4S)
Batting: RHB Paco Muñóz 0-0: Foul Ball, location: 2F
0-1: Ball
1-1: Ball
2-1: Called Strike
2-2: Ball
3-2: Foul Ball, location: 2F
3-2: Fly out, F7 (Flyball, 7LSF)
Batting: LHB Floyd Long 0-0: Ball
1-0: Ball
2-0: Foul Ball, location: 2F
2-1: Ball
3-1: Base on Balls
Batting: RHB Luis Alomar 0-0: Ball
1-0: Ball
Wild Pitch!
Floyd Long to second
2-0: Ball
3-0: Called Strike
3-1: Base on Balls
Batting: LHB Edward Woodstock 0-0: Ball
1-0: Ball
Wild Pitch!
Floyd Long to third
Luis Alomar to second
2-0: Ball
3-0: Base on Balls
Batting: SHB Alejandro Castillo 0-0: Called Strike
0-1: Ground out 4-3 (Groundball, 4)
Bottom of the 7th over - 0 runs, 0 hits, 0 errors, 3 left on base; Salt Lake City 8 - Milton 5
TOP OF THE 8TH
Salt Lake City Buzz batting - Pitching for Milton Dogfish Head : RHP Michael Brown
Batting: RHB Alejandro Herrera 0-0: Foul Ball, location: 2F
0-1: Called Strike
0-2: Ball
1-2: Strikes out swinging
Batting: RHB Quigley Gibson 0-0: Ball
1-0: SINGLE (Flyball, 8LS)
Batting: LHB Mike Gillespie 0-0: Foul Ball, location: 2F
0-1: Ball
1-1: Ball
2-1: Ball
3-1: Called Strike
3-2: Foul Ball, location: 2F
3-2: Strikes out swinging
Batting: RHB Jung-hwan Kwon 0-0: Ball
1-0: Ball
2-0: Ball
3-0: Base on Balls
Quigley Gibson to second
Batting: LHB Jérôme Masson 0-0: Ball
1-0: Fly out, F8 (Flyball, 8LM)
Top of the 8th over - 0 runs, 1 hit, 0 errors, 2 left on base; Salt Lake City 8 - Milton 5
BOTTOM OF THE 8TH
Milton Dogfish Head batting - Pitching for Salt Lake City Buzz : RHP Powell Horne
Batting: RHB Héctor Gallegos 0-0: Ball
1-0: Foul Ball, location: 2F
1-1: Ball
2-1: Called Strike
2-2: Foul Ball, location: 2F
2-2: Foul Ball, location: 2F
2-2: SINGLE (Line Drive, 56)
Pitching: RHP Barry Jones
Batting: RHB Miguel Montoya 0-0: Ball
1-0: Foul Ball, location: 2F
1-1: Foul Ball, location: 2F
1-2: Ball
2-2: Foul Ball, location: 2F
2-2: Ground out 5-3 (Groundball, 56S)
Héctor Gallegos to second
Batting: LHB Jon Baxter 0-0: Foul Ball, location: 2F
0-1: Called Strike
0-2: Ball
1-2: Foul Ball, location: 2F
1-2: Ball
2-2: Foul Ball, location: 2F
2-2: Fly out, F3 (Popup, 3DF)
Batting: LHB Víctor Robledo 0-0: Swinging Strike
0-1: Fly out, F8 (Flyball, 8LXD)
Bottom of the 8th over - 0 runs, 1 hit, 0 errors, 1 left on base; Salt Lake City 8 - Milton 5
TOP OF THE 9TH
Salt Lake City Buzz batting - Pitching for Milton Dogfish Head : RHP Michael Brown
Batting: LHB Tim Waters 0-0: Ball
1-0: Ball
2-0: Foul Ball, location: 2F
2-1: Fly out, F8 (Flyball, 8RD)
Batting: SHB Félix Medina 0-0: Foul Ball, location: 2F
0-1: Foul Ball, location: 2F
0-2: Ball
1-2: Strikes out swinging passed ball, reaches first!
Batting: RHB Justin MacPherson 0-0: Ball
Félix Medina steals 2nd base
1-0: Intentional Walk
Batting: RHB Vicente Cruz 0-0: Ball
1-0: Called Strike
1-1: Swinging Strike
1-2: Foul Ball, location: 2F
1-2: SINGLE (Line Drive, 7LS)
Félix Medina to third
Justin MacPherson to second
Runner from 3rd tries for Home, SAFE, no throw
Batting: RHB Alejandro Herrera 0-0: Foul Ball, location: 2F
0-1: Called Strike
0-2: Ball
1-2: Foul Ball, location: 2F
1-2: Ball
2-2: Ball
3-2: Foul Ball, location: 2F
3-2: Foul Ball, location: 2F
3-2: Foul Ball, location: 2F
3-2: Base on Balls
Justin MacPherson to third
Vicente Cruz to second
Batting: RHB Quigley Gibson 0-0: Ball
1-0: Called Strike
1-1: Ball
2-1: Ball
3-1: Base on Balls
Justin MacPherson scores
Vicente Cruz to third
Alejandro Herrera to second
Pitching: RHP Joaquín Rodríguez
Batting: LHB Mike Gillespie 0-0: Called Strike
0-1: Ball
1-1: Called Strike
1-2: Foul Ball, location: 2F
1-2: Ball
2-2: Ball
3-2: Foul Ball, location: 2F
3-2: Foul Ball, location: 2F
3-2: Foul Ball, location: 2F
3-2: Foul Ball, location: 2F
3-2: SINGLE (Line Drive, 34D)
Vicente Cruz scores
Alejandro Herrera to third
Quigley Gibson to second
Runner from 3rd tries for Home, SAFE, throw made home
Batting: RHB Jung-hwan Kwon 0-0: Fly out, F8 (Flyball, 8RS)
Batting: LHB Jérôme Masson 0-0: Called Strike
0-1: SINGLE (Flyball, 8RS)
Quigley Gibson to third
Mike Gillespie to second
Runner from 3rd tries for Home, SAFE, no throw
Batting: LHB Tim Waters 0-0: Ball
Jérôme Masson is caught stealing 2nd base
Top of the 9th over - 5 runs, 3 hits, 0 errors, 1 left on base; Salt Lake City 13 - Milton 5
BOTTOM OF THE 9TH
Milton Dogfish Head batting - Pitching for Salt Lake City Buzz : RHP Barry Jones
Now at 1B: Qi-zhen Loong
Batting: RHB Paco Muñóz 0-0: Ball
1-0: Called Strike
1-1: Ball
2-1: Ball
3-1: Foul Ball, location: 2F
3-2: Foul Ball, location: 2F
3-2: Base on Balls
Batting: LHB Floyd Long 0-0: Called Strike
0-1: Ball
1-1: Ball
2-1: Ball
3-1: Base on Balls
Paco Muñóz to second
Batting: RHB Luis Alomar 0-0: Ball
1-0: Ball
2-0: Grounds into TRIPLE play, U5-4
2-0: Grounds into TRIPLE play, U5-4 (Groundball, 5L)
Bottom of the 9th over - 0 runs, 0 hits, 0 errors, 0 left on base; Salt Lake City 13 - Milton 5
Tuesday, December 19th, 2017 - OOTP Baseball 18.8 Build 76